 Dungeon Crawl Stone Soup version 0.24-a0-769-g368c164 (webtiles) character file.

Game seed: 17867490289885528739, levelgen mode: deterministic

515 scarywalker64 the Gusty (level 6, 0/47 HPs)
             Began as a Demigod Air Elementalist on Oct 5, 2019.
             Slain by Prince Ribbit (4 damage)
             ... on level 5 of the Dungeon.
             The game lasted 00:14:45 (6278 turns).

scarywalker64 the Gusty (Demigod Air Elementalist)  Turns: 6278, Time: 00:14:45

Health: 0/47       AC:  6    Str: 15    XL:     6   Next: 67%
Magic:  2/13       EV: 12    Int: 19    God:
Gold:   235        SH:  4    Dex: 16    Spells: 3/10 levels left

rFire    . . .     SeeInvis .   n - +0 hunting sling (curse)
rCold    . . .     Gourm    .   l - +0 buckler
rNeg     . . .     Faith    .   w - +0 leather armour
rPois    .         Spirit   .   j - +2 helmet
rElec    .         Reflect  .   (no cloak)
rCorr    .         Harm     .   (no gloves)
MR       .....                  (no boots)
Stlth    ++........             (no amulet)
HPRegen  0.15/turn              (no ring)
MPRegen  0.13/turn              (no ring)

@: lethally poisoned (0 -> -2), very slightly contaminated
A: high mp 1
a: no special abilities


You were on level 5 of the Dungeon.
You were hungry.

You visited 1 branch of the dungeon, and saw 5 of its levels.

You collected 235 gold pieces.

Inventory:

Hand Weapons
 m - a +4 short sword
 n - a cursed +0 hunting sling (weapon)
Missiles
 a - 6 javelins
 b - 225 stones (quivered)
 g - 32 arrows
 p - 7 atropa-tipped darts
 q - 8 poisoned darts
 s - 68 sling bullets
Armour
 j - a +2 helmet (worn)
 l - a +0 buckler (worn)
 w - a +0 leather armour (worn)
Wands
 u - a wand of polymorph (6)
Scrolls
 k - 2 scrolls of enchant weapon
Potions
 e - 2 potions of mutation {unknown}
 f - 2 potions of berserk rage
 h - a potion of flight {unknown}
 i - a potion of agility {unknown}
 o - a potion of haste {unknown}
 t - 3 potions of curing {unknown}
Comestibles
 c - 9 rations


   Skills:
 + Level 1.2 Fighting
 + Level 2.0 Short Blades
 + Level 1.2 Armour
 + Level 2.4 Dodging
 - Level 2.0 Stealth
 * Level 2.0 Shields
 * Level 2.9 Spellcasting
 * Level 2.6 Conjurations
 * Level 4.2 Air Magic


You had 3 spell levels left.
You knew the following spells:

 Your Spells              Type           Power        Failure   Level  Hunger
a - Shock                 Conj/Air       ###.         6%          1    None
b - Swiftness             Chrm/Air       ##......     16%         2    ##.....
c - Airstrike             Air            ###.......   38%         4    ####...

Your spell library contained the following spells:

 Spells                   Type           Power        Failure   Level  Hunger
 Static Discharge         Conj/Air       ###.....     19%         3    ###....
 Lightning Bolt           Conj/Air       ###.......   86%         5    ######.


Dungeon Overview and Level Annotations

Branches:
Dungeon (5/15)
 Temple: D:4-7

Annotations:
D:5 Prince Ribbit


Innate Abilities, Weirdness & Mutations

You have an increased reservoir of magic. (+10% MP)


Message History

Do you really want to go berserk while wielding your cursed +0 hunting sling?
Okay, then.
As you read the scroll of fear, it crumbles to dust.
You assume a fearsome visage.
Prince Ribbit looks frightened!
The quokka looks frightened!
The worker ant looks frightened!
The gnoll looks frightened! x3; The hound looks frightened!
You feel sick.
Prince Ribbit blinks!
You feel sick.
Prince Ribbit casts a spell.
Prince Ribbit looks slightly unstable.
You feel sick.
You feel sick.
You feel sick.
You feel sick.
You feel sick. You block the hound's attack. The hound bites you.
* * * LOW HITPOINT WARNING * * *
The sentinel's mark upon you fades away.
You feel sick. Prince Ribbit hits you.
You die...

#....+.........r..
#....##(...(.(###
#............a.. #
#......###########
#.#.................
#.........##########
#.#.#####.#######
#.......F........
###....h.@.......
###.###........ #.
......... #.
##.#.....# #.
#+#...... #. ......
#. ...... #. ....#


You could see Prince Ribbit and a hound.

Vanquished Creatures
  Blork the orc (D:3)
  4 hounds
  An orc priest (D:4)
  Natasha (twice) (D:3)
  A worker ant (D:4)
  Robin (D:4)
  9 adders
  2 oozes
  An adder zombie (D:5)
  3 adder skeletons (D:4)
  3 worms
  3 dart slugs
  4 leopard geckos
  3 orcs (D:3)
  2 ball pythons
  2 giant cockroaches
  10 goblins
  15 hobgoblins
  5 jackals
  12 kobolds
  4 quokkas
  10 bats
  6 frilled lizards
  A jackal skeleton (D:4)
  6 rats
111 creatures vanquished.

Notes
Turn   | Place    | Note
-------+----------+-------------------------------------------
     0 | D:1      | scarywalker64 the Demigod Air Elementalist began the quest
                  | for the Orb.
     0 | D:1      | Reached XP level 1. HP: 14/14 MP: 5/5
   223 | D:1      | Reached skill level 1 in Conjurations
   459 | D:1      | Reached skill level 3 in Air Magic
   460 | D:1      | Reached XP level 2. HP: 20/20 MP: 0/7
  1665 | D:2      | Reached XP level 3. HP: 26/26 MP: 6/8
  2532 | D:2      | Found a faded altar of an unknown god.
  2538 | D:2      | Reached XP level 4. HP: 18/33 MP: 10/10
  2828 | D:2      | Reached skill level 1 in Short Blades
  3750 | D:3      | Found a stormy altar of Qazlal.
  4382 | D:3      | Found a blossoming altar of Fedhas.
  4383 | D:3      | Noticed Natasha
  4391 | D:3      | Killed Natasha
  4391 | D:3      | Reached skill level 1 in Shields
  4391 | D:3      | Reached XP level 5. HP: 26/39 MP: 8/11
  4587 | D:4      | Found a snail-covered altar of Cheibriados.
  4627 | D:3      | Noticed Natasha
  4639 | D:3      | Killed Natasha
  4646 | D:3      | Learned a level 2 spell: Swiftness
  4651 | D:3      | Learned a level 4 spell: Airstrike
  4783 | D:4      | Noticed Blork the orc
  5127 | D:3      | Killed Blork the orc
  5127 | D:3      | Reached skill level 1 in Fighting
  5435 | D:4      | Reached skill level 4 in Air Magic
  5461 | D:4      | Reached skill level 1 in Armour
  5461 | D:4      | Reached XP level 6. HP: 44/47 MP: 13/13
  5647 | D:4      | Noticed Robin
  5663 | D:4      | Killed Robin
  6232 | D:5      | Entered Level 5 of the Dungeon
  6263 | D:5      | Noticed Prince Ribbit
  6278 | D:5      | Slain by Prince Ribbit

Levels and vault maps discovered:
D:1:      dpeg_arrival_arbitrary_a, layout_basic
D:2:      cheibrodos_helix_gallery, layout_basic,
          chequers_ecumenical_altar_grove, minmay_pentomino_z4
D:3:      layout_basic, lemuel_doored_altar, nicolae_overflow_crystal_walls,
          first_ration, uniq_natasha
D:4:      layout_basic, overflow_temple_1_default, minmay_box_of_dots,
          uniq_robin, uniq_blork_the_orc
D:5:      layout_basic, serial_shops, kennysheep_little_box, shop,
          uniq_prince_ribbit1, uniq_eustachio

Skill      XL: |  1  2  3  4  5  6 |
---------------+-------------------+-----
Conjurations   | 1 2 |  2.6
Air Magic      | 3 4 |  4.2
Stealth        | 2 |  2.0
Spellcasting   | 2 |  2.9
Short Blades   | 1 2 |  2.0
Dodging        | 2 |  2.4
Shields        | 1 2 |  2.0
Fighting       | 1 |  1.2
Armour         | 1 |  1.2

Action                   |  1- 3 |  4- 6 || total
-------------------------+-------+-------++-------
Melee: Hand axe          |     1 |       ||     1
       Mace              |    14 |       ||    14
       Short sword       |    58 |   147 ||   205
 Fire: Hunting sling     |       |     9 ||     9
 Cast: Shock             |    47 |    63 ||   110
  Use: Scroll            |       |    12 ||    12
 Stab: Sleeping          |     3 |     2 ||     5
       Distracted        |       |     1 ||     1
  Eat: Chunk             |     6 |    11 ||    17
Armor: Robe              |    15 |     2 ||    17
       Leather armour    |       |    33 ||    33
       Scale mail        |       |    11 ||    11
Dodge: Dodged            |    50 |   119 ||   169
Block: Buckler           |    14 |    57 ||    71

Table legend:
 A = Non-vault XP
 B = Vault XP
 C = Vault XP percentage of total XP
 D = Non-vault monster count
 E = Vault monster count
 F = Vault count percentage of total count
                 A         B        C        D         E       F
            +---------+---------+-------+---------+---------+-------
      Total |     518 |     218 |  29.6 |      90 |      21 |  18.9
            +---------+---------+-------+---------+---------+-------
        D:1 |      40 |       0 |   0.0 |      22 |       0 |   0.0
        D:2 |      86 |      17 |  16.5 |      27 |       6 |  18.2
        D:3 |     117 |     124 |  51.5 |      23 |       2 |   8.0
        D:4 |     226 |      77 |  25.4 |      16 |      13 |  44.8
        D:5 |      49 |       0 |   0.0 |       2 |       0 |   0.0
            +---------+---------+-------+---------+---------+-------
